 Dungeon Sprint DCSS version 0.28.0-53-g5a82cb258f (webtiles) character file.

Game seed: 1253144048331940283

2 Zeld the Insei (level 1, -2/19 HPs)
             Began as an Octopode Transmuter on June 10, 2022.
             Slain by Crazy Yiuf
             ... wielding a +4 quarterstaff of chaos
              (12 damage)
             ... in the Dungeon (Sprint III: "The Ten Rune Challenge").
             The game lasted 00:00:08 (76 turns).

Zeld the Insei (Octopode Transmuter)                  Turns: 76, Time: 00:00:08

Health: -2/19      AC: 12    Str:  9    XL:     1   Next: 40%
Magic:  2/3        EV: 18    Int: 15    God:
Gold:   6          SH:  0    Dex: 12    Spells: 3/4 levels left

rFire   . . .      SeeInvis .     - Unarmed
rCold   . . .      Faith    .   (shield currently unavailable)
rNeg    + + +      Spirit   .   (helmet currently unavailable)
rPois   +          Reflect  .   (no amulet)
rElec   .          Harm     .   (no ring)
rCorr   .          Rampage  .   (no ring)
Will    .....      NoTele   +   (no ring)
Stlth   ..........              (no ring)
HPRegen 0.06/turn               (no ring)
MPRegen 0.08/turn               (no ring)
                                (no ring)
                                (no ring)

@: berserking, fungus-form, very quick
A: melee confuse, terrified, no casting, almost no armour, (amphibious), 8
rings, tiny, (camouflage 1), (gelatinous body 1), (nimble swimmer 1),
(tentacles)
a: no special abilities


You were in the Dungeon.
You were a sentient fungus.
You visited 1 branch You collected 6 gold pieces.

Inventory:

Scrolls
 f - a scroll of blinking
Potions
 a - a potion of curing
 b - a potion of heal wounds
 c - a potion of haste
 d - 2 potions of magic


   Skills:
 + Level 1.3 Fighting
 - Level 2.0 Dodging
 + Level 3.2 Unarmed Combat
 * Level 2.4 Spellcasting
 * Level 2.5 Transmutations


You had 3 spell levels left.
You knew the following spells:

 Your Spells              Type           Power      Damage    Failure   Level
a - Beastly Appendage     Tmut           18%        N/A       8%          1

Your spell library contained the following spells:

 Spells                   Type           Power      Damage    Failure   Level
 Wereblood                Tmut           9%         N/A       12%         2
 Spider Form              Tmut/Pois      5%         N/A       36%         3
 Ice Form                 Ice/Tmut       5%         N/A       77%         4


Dungeon Overview and Level Annotations

Branches:
Dungeon (1/1)

Altars:

Annotations:
D Crazy Yiuf


Innate Abilities, Weirdness & Mutations

You are a sentient fungus.
You are tiny and evasive.
Your melee attack releases spores that confuse breathing creatures.
You become terrified and freeze when enemies are visible.
Your armour is entirely melded.
You are incapable of wielding weapons or throwing items.
You cannot cast spells.
You cannot wear most types of armour.
((You are amphibious.))
You can wear up to eight rings at the same time.
((Your skin changes colour to match your surroundings (Stealth+).))
((Your rubbery body absorbs attacks. (AC +1, EV +1)))
((You are camouflaged when in or above water. (Stealth+)))
((You have tentacles for arms and can constrict up to eight enemies at once.))


Message History

You now have 6 gold pieces.
You see here a rat corpse.
Key pressed, stopping explore.
No target in view!
A rat comes into view.
Casting: Beastly Appendage (safe; 8% risk of failure)
Confirm with . or Enter, or press ? or * to list all spells.
One of your tentacles grows a vicious spike.
You tentacle-slap the rat.
You kill the rat!
No target in view!
No target in view!
Your transformation is almost over.
A human comes into view.
The human shouts!
A human is nearby!
Casting: Beastly Appendage (safe; 8% risk of failure)
Confirm with . or Enter, or press ? or * to list all spells.
You extend your transformation's duration.
A red film seems to cover your vision as you go berserk!
You feel yourself moving faster!
You feel mighty!
Your transformation is almost over.
Crazy Yiuf the Enlightened comes into view.
He is wielding a +4 quarterstaff of chaos and carrying a wand of polymorph (12).
You feel a strong urge to attack something.
The human hits you!
Crazy Yiuf zaps a wand.
Your tentacle spike disappears.
You turn into a sentient fungus.
You barely miss the human. You barely miss the human. The human hits you.
You release spores at the human!
The human is heavily wounded.
The human hits you but does no damage.
You release spores at the human.
The human is heavily wounded.
You closely miss the human.
The human is heavily wounded.
The human completely misses you.
Crazy Yiuf hits you with a +4 quarterstaff of chaos!
Ouch! That really hurt!
You die...

▓...#......##
▓..##...†...# .#
▓##.##.##...# .#
##.##.###..# ..#
▓#.####.##..# ...+
▓.###†.##..##
#...# ▓#.....##..#
#....#
###†.##...##p....#
##..##....#fg....#
#..###..##.#.....#
#(.# #.. ####....#
▓▓▓▓ ▓▓▓ ▓▓▓▓▓


You could see a human and Crazy Yiuf.

Vanquished Creatures
  4 rats (D)
4 creatures vanquished.

Notes
Turn   | Place    | Note
-------+----------+-------------------------------------------
     0 | D        | Zeld the Octopode Transmuter began the quest for the Orb.
     0 | D        | Reached XP level 1. HP: 13/13 MP: 3/3
    71 | D        | Noticed Crazy Yiuf
    76 | D        | Slain by Crazy Yiuf

Illustrated notes

Levels and vault maps discovered:
D:        dungeon_sprint_mu [sprint_mu_entry_cave, sprint_mu_temple_rooms,
          sprint_mu_d1_horrors, sprint_mu_d2_genie, sprint_mu_d3_branching,
          sprint_mu_orc_legion, sprint_mu_elf_gauntlet, sprint_mu_hive_nellie,
          sprint_mu_lair_fedhas, sprint_mu_vaults_butterflies,
          sprint_mu_slime_circle, sprint_mu_swamp_cave, sprint_mu_snake_twists,
          sprint_mu_blade_basic, sprint_mu_crypt_chambers,
          sprint_mu_tomb_spiral, sprint_mu_vestibule_basic,
          sprint_mu_gehenna_hellfire, sprint_mu_dis_giant,
          sprint_mu_tartarus_statrot, sprint_mu_cocytus_islands, sprint_mu_zot1]

Action                   || total
-------------------------++-------
Melee: Unarmed           ||    12
       Constrict         ||     1
       Kick              ||     1
 Cast: Beastly Appendage ||     4
  Use: Potion            ||     1
Armor: Skin              ||     1
Dodge: Dodged            ||     5
